 Dungeon Crawl Stone Soup version 0.32-a0-171-g4625e66871 (webtiles) character file.

Game seed: 17016295549705711716

115145 ThassasOracle the Unseen (level 16, -37/91 HPs)
             Began as a Spriggan Enchanter on Feb 13, 2024.
             Was an Initiate of Gozag.
             Killed from afar by an eleionoma (54 damage)
             ... with a spray of wooden splinters
             ... on level 1 of the Swamp.
             The game lasted 01:08:41 (33864 turns).

ThassasOracle the Unseen (Spriggan Enchanter)      Turns: 33864, Time: 01:08:42

Health: -37/91     AC:  8    Str:  4    XL:     16   Next: 18%
Magic:  25/26      EV: 32    Int: 20    God:    Gozag
Gold:   1413       SH:  7    Dex: 24    Spells: 22/27 levels left

rFire   + . .        Z - +6 dagger of Sequestration {freeze, rPois rN+ Int+4 Stlth+}
rCold   + . .        Q - +2 buckler {reflect}
rNeg    + . .        b - +2 robe {rF+}
rPois   +            d - +2 hat
rElec   .            o - +1 cloak
rCorr   .            (gloves unavailable)
SInv    +            (boots unavailable)
Will    ++...        W - amulet of regeneration
Stlth   +++++        D - ring of protection from fire
HPRegen 1.15/turn    g - ring of ice
MPRegen 0.20/turn

%: reflection
@: slow
A: very small, no large weapons, unfitting armour, see invisible, speed 3
a: Renounce Religion, Potion Petition, Call Merchant, Bribe Branch


You were on level 1 of the Swamp.
You worshipped Gozag.
Gozag was most pleased with you.
You visited 4 branches of the dungeon, and saw 23 of its levels.

You collected 8619 gold pieces.
You spent 611 gold pieces at shops.
You paid 6595 gold pieces to Gozag.

Inventory:

Hand Weapons
 m - a +1 dagger of draining
 t - the +7 Throatcutter {drain, coup de grace}
   (You took it off Terence on level 3 of the Dungeon)
 Z - the +6 dagger of Sequestration (weapon) {freeze, rPois rN+ Int+4 Stlth+}
   (You found it on level 14 of the Dungeon)

   Int+4:     It affects your intelligence (+4).
   rPois:     It protects you from poison rN+: It protects you from negative
   energy.
   Stlth+:    It makes you more stealthy.
Missiles
 Y - 9 curare-tipped darts
Armour
 b - a +2 robe of fire resistance (worn)
 d - a +2 hat (worn)
 o - a +1 cloak (worn)
 Q - a +2 buckler of reflection (worn)
Jewellery
 g - a ring of ice (right hand)
 n - a ring of protection from cold
 D - a ring of protection from fire (left hand)
 S - a ring of positive energy
 T - a ring of resist corrosion
 U - a ring of protection from cold
 V - a ring of protection from fire
 W - an amulet of regeneration (around neck)
 X - a +6 ring of strength
Talismans
 r - a dragon-blood talisman
Wands
 c - a wand of acid (6)
 i - a wand of roots (16)
 p - a wand of paralysis (18)
 s - a wand of flame (66)
 v - a wand of digging (11)
Scrolls
 a - 4 scrolls of butterflies
 e - a scroll of brand weapon
 f - 5 scrolls of enchant weapon
 h - 2 scrolls of fog {@r2}
 j - 2 scrolls of torment
 x - 4 scrolls of enchant armour
 y - 4 scrolls of poison
 A - 2 scrolls of vulnerability {!r}
 B - 5 scrolls of teleportation {@r3}
 G - 3 scrolls of immolation
 K - a scroll of revelation {@r5}
 L - 2 scrolls of amnesia
 P - 2 scrolls of blinking {@r4}
Potions
 k - 5 potions of enlightenment
 l - a potion of resistance
 q - 3 potions of berserk rage
 u - 2 potions of mutation
 w - 2 potions of magic {unknown}
 z - 8 potions of curing {@q2}
 E - a potion of invisibility
 F - a potion of ambrosia
 H - 3 potions of brilliance
 I - 4 potions of cancellation {unknown}
 J - a potion of lignification
 N - 7 potions of haste {@q5}
 O - 3 potions of heal wounds {@q1}
Miscellaneous
 C - a sack of spiders
 M - a phantom mirror
 R - a lightning rod (4/4)


   Skills:
 + Level 13.6 Fighting
 - Level 10.0 Short Blades
 - Level 15.0 Dodging
 - Level 20.0 Stealth
 - Level 6.0 Spellcasting
 - Level 10.0 Hexes
 - Level 16.0 Shapeshifting


You had 22 spell levels left.
You knew the following spells:

 Your Spells              Type           Power      Damage    Failure   Level
c - Confusing Touch       Hex            46%        N/A       1%          3
e - Ensorcelled Hibernat  Hex/Ice        78%        N/A       4%          2

Your spell library contained the following spells:

 Spells                   Type           Power      Damage    Failure   Level
 Slow                     Hex            100%       N/A       1%          1
 Jinxbite                 Hex            92%        N/A       1%          2
 Sigil of Binding         Hex            46%        N/A       1%          3
 Tukima's Dance           Hex            46%        N/A       1%          3
 Dazzling Flash           Conj/Hex       52%        N/A       9%          3
 Apportation              Tloc           12%        N/A       22%         1
 Foxfire                  Conj/Fire      24%        2x1d5     22%         1
 Kiss of Death            Conj/Necr      24%        2d7       22%         1
 Magic Dart               Conj           24%        1d4       22%         1
 Summon Small Mammal      Summ           24%        N/A       22%         1
 Blink                    Tloc           12%        N/A       32%         2
 Call Imp                 Summ           12%        N/A       32%         2
 Cigotuvi's Dreadful Rot  Necr/Alch/Air  12%        N/A       32%         2
 Lesser Beckoning         Tloc           12%        N/A       32%         2
 Gell's Gravitas          Tloc           6%         N/A       54%         3
 Teleport Other           Tloc           6%         N/A       54%         3
 Vampiric Draining        Necr           6%         2d6       54%         3
 Silence                  Hex/Air        13%        N/A       58%         5
 Yara's Violent Unravell  Hex/Alch       13%        3d7       58%         5
 Dispel Undead            Necr           6%         3d8       91%         4
 Ignite Poison            Fire/Alch      6%         N/A       91%         4
 Passage of Golubria      Tloc           6%         N/A       91%         4
 Vhi's Electric Charge    Tloc/Air       12%        N/A       91%         4
 Enfeeble                 Hex            23%        N/A       96%         7
 Arcjolt                  Conj/Air       3%         1d13      99%         5
 Freezing Cloud           Conj/Ice/Air   4%         6-21      99%         5
 Iskenderun's Battlesphe  Conj           6%         2d6       99%         5
 Bombard                  Conj/Erth      3%         9d1       100%        6
 Plasma Beam              Fire/Air       3%         2x1d13    100%        6
 Starburst                Conj/Fire      3%         6d3       100%        6
 Spellforged Servitor     Conj/Summ      3%         N/A       100%        7
 Lehudib's Crystal Spear  Conj/Erth      3%         10d2      100%        8
 Chain Lightning          Conj/Air       3%         3d4       100%        9
 Fire Storm               Conj/Fire      3%         8d1       100%        9
 Shatter                  Erth           3%         3d7*      100%        9


Dungeon Overview and Level Annotations

Branches:
Dungeon (15/15)            Temple (0/1) D:7            Lair (5/5) D:11
  Swamp (1/4) Lair:3        Snake (0/4) Lair:3        Slime (0/5) Lair:4
    Orc (2/2) D:12            Elf (0/3) Orc:2        Vaults (0/5) D:14
 Depths (0/4) D:15

Altars:
Ashenzari
Fedhas
Gozag
Nemelex Xobeh
Okawaru
Ru
Wu Jian
Yredelemnul
Zin

Shops:
D:12 ==(*?(   D:15 ?*   Orc:1 (   Orc:2 ?=?:

Portals:
Abyss: D:4

Annotations:
D:4 2 transporters, 1Anon's ghost, weakling GrEE
Lair:2 1 runed translucent door, DubiousMove's ghost, journeyman HOFi


Innate Abilities, Weirdness & Mutations

You are very small and have problems with some larger weapons.
You are too small for most types of armour.
You have supernaturally acute eyesight. (SInv)
You cover ground extremely quickly. (Speed+++)


Message History

You closely miss the eleionoma.
The eleionoma is severely wounded.
The spriggan air mage closely misses you.
The eleionoma hits you.
Unknown command.
You hit the eleionoma but do no damage.
The eleionoma is severely wounded.
Unknown command.
You hit the eleionoma but do no damage.
The eleionoma is severely wounded.
You block the spriggan air mage's attack.
The eleionoma hurls a spray of splinters at you.
The spray of wooden splinters misses you.
Unknown command.
You hit the eleionoma but do no damage.
The eleionoma is severely wounded.
Your hands stop glowing.
The spriggan air mage hits you!
The eleionoma splashes around in the water.
Unknown command.
As you read the scroll of teleportation {@r3}, it crumbles to dust.
You feel strangely unstable.
The spriggan air mage completely misses you.
The eleionoma hits you!
* * * LOW HITPOINT WARNING * * *
The eleionoma hurls a spray of splinters at you.
The spray of wooden splinters hits you!
* * * LOW HITPOINT WARNING * * *
Unknown command.
You enter the shallow water.
Moving in this stuff is going to be slow.
Unknown command.
Your surroundings seem slightly different.
Splash!
The eleionoma flows through the trees.
The eleionoma hurls a spray of splinters at you.
The spray of wooden splinters hits you!!!
Ouch! That really hurt!
You die...
Your body crumbles into a pile of gold.

♣♣.....~.~...♣♣♣♣
♣~...♣♣♣~~~..♣ ♣♣♣ ♣
♣...♣♣♣.~~~..♣♣♣♣♣~♣♣♣ ♣♣
♣....~§.§~..♣...♣~.~§. ~♣ .
♣♣~~§......♣♣♣.~~~~~..♣ ♣♣
.~ ♣~~~~.~♣~~~~...§~~~~.♣♣
... ♣♣..~§~.♣♣~~~....~~~~.~.
~~~.♣~..~~~.R.~~~.>.....~~..
~~.......~i@..§~~~..~~...~.~
~..~~~§.~.~~..~~~~..~~...~..
~§~~~~..♣.....~~............
~..~§..~♣.~~~....~~...~~~~~~
..)~~.♣♣♣.~~.♣♣~...~.♣~~~~~~
.~.~§♣ ♣~..§♣♣♣♣~..♣~>.~~~~
♣§... ♣♣♣♣♣♣ ♣♣♣♣♣~~~....
♣~.. ♣♣~♣♣♣~~♣♣ ~♣..
♣~.§♣♣♣♣♣


You could see an eleionoma and a spriggan air mage (repels missiles).

Vanquished Creatures
  Jorgrun (D:15)
  Gastronok (Orc:1)
  Kirke (D:15)
  2 orc warlords (Orc:2)
  An eleionoma (Lair:3)
  2 bunyips (Lair:3)
  A fire dragon (Lair:5)
  A shambling mangrove (Swamp:1)
  Josephine (D:15)
  A vault guard (D:14)
  7 hydras
  Erolcha (D:12)
  A ghost crab (Lair:3)
  8 centaur warriors
  7 two-headed ogres
  A sphinx zombie (D:15)
  An ironbound frostheart (D:14)
  2 boulder beetles
  A tengu warrior (D:14)
  A sphinx skeleton (D:15)
  Urug (D:10)
  6 orc high priests
  Nergalle (D:12)
  A hell hog (Lair:5)
  Sonja (Lair:4)
  2 goliath frogs (Swamp:1)
  3 skeletal warriors
  2 skysharks
  2 spriggan druids
  A flayed ghost (D:15)
  A swamp dragon (Swamp:1)
  An arcanist (D:14)
  A bog body (Swamp:1)
  2 lindwurms (Lair:5)
  A necromancer (D:15)
  6 orc knights
  8 cyclopes
  3 manticores
  7 orc sorcerers
  A will-o-the-wisp (Swamp:1)
  5 ugly things
  10 black mambas
  2 kobold blastminers (Orc:2)
  7 torpor snails
  11 elephants
  An unseen horror (shapeshifter) (D:14)
  14 cane toads
  4 rime drakes
  An unseen horror (D:12)
  3 kobold demonologists
  5 komodo dragons
  An efreet (D:13)
  3 tengu conjurers
  8 trolls
  12 polar bears
  8 hornets
  3 tyrant leeches (Lair:5)
  2 raiju (Lair:5)
  5 dream sheep
  Sigmund (D:5)
  7 slime creatures
  25 blink frogs
  3 spriggans
  5 wraiths
  A shadow (D:13)
  53 yaks
  4 wyverns
  A vampire (D:13)
  3 hogs (D:15)
  2 humans (D:14)
  A golden eye (shapeshifter) (D:13)
  8 basilisks
  3 vampire mosquitoes (D:12)
  2 steam dragons
  8 wargs
  Menkaure (D:5)
  2 swamp worms
  An acid dragon (D:9)
  15 hell hounds (Lair:5)
  16 water moccasins
  42 orc warriors
  2 laughing skulls (D:14)
  13 black bears
  14 ogres
  2 ice beasts
  23 wolves
  18 centaurs
  4 kobold brigands
  A gnoll sergeant (D:7)
  10 bullfrogs
  2 scorpions
  8 wights
  15 killer bees
  5 electric eels
  4 howler monkeys
  3 bombardier beetles
  A hound (D:5)
  4 jellies
  27 orc priests
  2 sleepcaps
  Terence (D:3)
  An iguana (D:4)
  20 orc wizards
  A killer bee zombie (D:7)
  A howler monkey zombie (D:7)
  10 gnolls
  2 adders (D:3)
  2 shadow imps (D:8)
  3 white imps
  2 ufetubi (D:7)
  3 dart slugs
  92 orcs
  7 ball pythons
  4 bats
  6 endoplasms
  2 goblins
  10 hobgoblins
  3 quokkas
  3 frilled lizards (D:1)
  28 kobolds
  9 rats
770 creatures vanquished.

Vanquished Creatures (others)
  2 humans (D:15)
  A centaur (D:14)
  An orc priest (Orc:2)
  4 foxfires (Swamp:1)
8 creatures vanquished.

Grand Total: 778 creatures vanquished

Notes
Turn   | Place    | Note
-------+----------+-------------------------------------------
     0 | D:1      | ThassasOracle the Spriggan Enchanter began the quest for
                  | the Orb.
     0 | D:1      | Reached XP level 1. HP: 9/9 MP: 5/5
   118 | D:1      | Reached XP level 2. HP: 13/13 MP: 6/6
   121 | D:1      | Learned a level 2 spell: Ensorcelled Hibernation
   140 | D:1      | Reached skill level 5 in Stealth
  1492 | D:2      | Reached XP level 3. HP: 16/16 MP: 5/8
  1599 | D:2      | You fall into a shaft and drop 2 floors!
  1922 | D:3      | Reached skill level 6 in Stealth
  1922 | D:3      | Reached XP level 4. HP: 21/21 MP: 9/9
  2231 | D:3      | Noticed Terence
  2242 | D:3      | Killed Terence
  2293 | D:3      | Reached skill level 7 in Stealth
  2293 | D:3      | Reached XP level 5. HP: 24/24 MP: 5/10
  2873 | D:2      | Found a faded altar of an unknown god.
  2882 | D:2      | Found a sacrificial altar of Ru.
  3166 | D:3      | Learned a level 3 spell: Confusing Touch
  3216 | D:4      | Found a one-way gate to the infinite horrors of the Abyss.
  3216 | D:4      | Noticed 1Anon's ghost (weakling GrEE)
  3242 | D:4      | Found a transporter.
  3290 | D:4      | Found a transporter.
  3298 | D:4      | Noticed a small abomination
  4118 | D:5      | Entered Level 5 of the Dungeon
  4133 | D:5      | Noticed an ogre
  4229 | D:5      | Killed an ogre
  4230 | D:5      | Reached skill level 5 in Short Blades
  4230 | D:5      | Reached skill level 8 in Stealth
  4230 | D:5      | Reached XP level 6. HP: 28/28 MP: 8/11
  4685 | D:5      | Noticed Menkaure
  4692 | D:5      | Killed Menkaure
  4693 | D:5      | Reached skill level 5 in Hexes
  4693 | D:5      | Reached XP level 7. HP: 32/32 MP: 12/14
  4967 | D:5      | Noticed Sigmund
  4973 | D:5      | Killed Sigmund
  5770 | D:6      | Found a sparkling altar of Nemelex Xobeh.
  6091 | D:6      | Found a glowing silver altar of Zin.
  6091 | D:6      | Found an opulent altar of Gozag.
  6104 | D:6      | Became a worshipper of Gozag Ym Sagoz the Greedy
  6213 | D:7      | Found an ornate altar of the Wu Jian Council.
  6369 | D:7      | Found a staircase to the Ecumenical Temple.
  6518 | D:7      | Reached skill level 1 in Fighting
  6518 | D:7      | Reached XP level 8. HP: 30/37 MP: 11/15
  6757 | D:7      | Reached skill level 5 in Dodging
  7378 | D:7      | Found a basalt altar of Yredelemnul.
  7592 | D:8      | Reached XP level 9. HP: 37/44 MP: 5/16
  7663 | D:8      | Reached skill level 9 in Stealth
  8403 | D:9      | Noticed a kobold demonologist
  8408 | D:9      | Killed a kobold demonologist
  8409 | D:9      | Reached skill level 10 in Stealth
  8733 | D:9      | Found a blossoming altar of Fedhas.
  8760 | D:9      | Reached skill level 11 in Stealth
  8893 | D:9      | Found a broken altar of Ashenzari.
  8905 | D:9      | Reached skill level 12 in Stealth
  8921 | D:9      | Reached skill level 5 in Spellcasting
  8921 | D:9      | Reached XP level 10. HP: 32/49 MP: 2/18
  9139 | D:9      | Reached skill level 5 in Fighting
  9555 | D:10     | Entered Level 10 of the Dungeon
  9637 | D:10     | Noticed Urug
  9639 | D:10     | Killed Urug
 10030 | D:10     | Noticed a two-headed ogre
 10036 | D:10     | Killed a two-headed ogre
 10585 | D:10     | Reached XP level 11. HP: 47/56 MP: 16/21
 10629 | D:10     | Noticed an orc knight
 10639 | D:10     | Killed an orc knight
 10640 | D:10     | Reached skill level 10 in Hexes
 10778 | D:11     | Noticed a red ugly thing
 10784 | D:11     | Killed a red ugly thing
 10785 | D:11     | Reached skill level 10 in Short Blades
 11346 | D:11     | Reached skill level 13 in Stealth
 11853 | D:11     | Found a staircase to the Lair.
 11863 | D:11     | Reached skill level 10 in Dodging
 11975 | D:11     | Reached skill level 14 in Stealth
 12256 | D:12     | Found a staircase to the Orcish Mines.
 12552 | D:12     | Noticed a soul eater
 12968 | D:12     | Noticed a two-headed ogre
 12970 | D:12     | Killed a two-headed ogre
 12971 | D:12     | Reached skill level 15 in Stealth
 13122 | D:12     | Noticed Erolcha
 13128 | D:12     | Killed Erolcha
 13129 | D:12     | Reached XP level 12. HP: 61/61 MP: 22/22
 13137 | D:12     | Identified the serpent talisman of Tixuuqug {rCorr Str+3
                  | Int-5}
 13366 | D:12     | Noticed Nergalle
 13394 | D:12     | Killed Nergalle
 13583 | D:12     | Noticed a boulder beetle
 13586 | D:12     | Killed a boulder beetle
 13718 | Lair:1   | Entered Level 1 of the Lair of Beasts
 13978 | Lair:1   | Reached skill level 15 in Dodging
 14828 | Lair:2   | Noticed a five-headed hydra
 14871 | Lair:1   | Killed a five-headed hydra
 14910 | Lair:2   | Reached skill level 16 in Stealth
 15079 | Lair:2   | Found a runed translucent door.
 15084 | Lair:2   | Noticed DubiousMove's ghost (journeyman HOFi)
 15507 | Lair:2   | Reached skill level 17 in Stealth
 15786 | Lair:2   | Reached XP level 13. HP: 61/68 MP: 15/23
 16792 | Lair:3   | Reached skill level 18 in Stealth
 17355 | Lair:2   | Reached skill level 19 in Stealth
 17787 | Lair:3   | Found a staircase to the Snake Pit.
 17947 | Lair:3   | Found a staircase to the Swamp.
 18356 | Lair:4   | Noticed Sonja
 18524 | Lair:4   | Killed Sonja
 18773 | Lair:4   | Reached skill level 20 in Stealth
 18779 | Lair:4   | Reached skill level 10 in Fighting
 18780 | Lair:4   | Reached skill level 1 in Shapeshifting
 18866 | Lair:4   | Found a staircase to the Slime Pits.
 19463 | Lair:5   | Entered Level 5 of the Lair of Beasts
 19468 | Lair:5   | Found a blossoming altar of Fedhas.
 19739 | Lair:5   | Reached XP level 14. HP: 77/77 MP: 24/24
 19748 | Lair:5   | Reached skill level 5 in Shapeshifting
 20542 | Lair:5   | Paralysed by a hornet for 3 turns
 20569 | Lair:5   | Paralysed by a hornet for 2 turns
 21559 | Lair:5   | Reached skill level 10 in Shapeshifting
 22972 | Orc:1    | Entered Level 1 of the Orcish Mines
 22973 | Orc:1    | Noticed Gastronok
 23186 | Orc:1    | Killed Gastronok
 23285 | Orc:1    | Found an iron altar of Okawaru.
 23364 | Orc:2    | Entered Level 2 of the Orcish Mines
 24013 | Orc:2    | Noticed an orc warlord
 24016 | Orc:2    | Killed an orc warlord
 24663 | Orc:2    | Found a staircase to the Elven Halls.
 24718 | Orc:2    | Found Pinief's Magic Scroll Boutique.
 24915 | Orc:2    | Noticed an orc warlord
 24974 | Orc:2    | Killed an orc warlord
 24993 | Orc:2    | Reached XP level 15. HP: 70/80 MP: 7/25
 24995 | Orc:2    | Found Woustrekh's Book Shoppe.
 25707 | Orc:1    | Found Qyrphex's Weapon Shoppe.
 25713 | Orc:1    | You fall into a shaft and drop 1 floor!
 26258 | Orc:2    | Reached skill level 15 in Shapeshifting
 26336 | Orc:2    | Found Lorat's Jewellery Emporium.
 26347 | Orc:2    | Found Henau's Magic Scroll Shoppe.
 26478 | Orc:2    | Bought a scroll of blinking for 90 gold pieces
 26478 | Orc:2    | Bought a scroll of butterflies for 48 gold pieces
 26478 | Orc:2    | Bought a scroll of enchant weapon for 90 gold pieces
 27683 | Orc:2    | Bought a scroll of butterflies for 64 gold pieces
 27683 | Orc:2    | Bought a scroll of amnesia for 64 gold pieces
 27683 | Orc:2    | Bought a scroll of fear for 64 gold pieces
 28009 | D:12     | Bought a scroll of blinking for 127 gold pieces
 29626 | D:14     | Identified the +6 dagger of Sequestration {freeze, rPois
                  | rN+ Int+4 Stlth+}
 29775 | D:14     | Got A Beginning Course on the Hermit's Heritage
 29932 | D:14     | Found a gate to the Vaults.
 30220 | D:15     | Entered Level 15 of the Dungeon
 30224 | D:15     | Noticed Jorgrun
 30718 | D:15     | Noticed Josephine
 30829 | D:15     | Killed Josephine
 31027 | D:15     | Noticed Kirke
 31053 | D:15     | Killed Kirke
 31552 | D:15     | Found a staircase to the Depths.
 32473 | D:15     | Found Uraij's General Store.
 32648 | D:15     | Killed Jorgrun
 32649 | D:15     | Reached XP level 16. HP: 90/90 MP: 20/26
 32715 | D:15     | Bought a scroll of butterflies for 64 gold pieces
 32977 | Swamp:1  | Entered Level 1 of the Swamp
 33864 | Swamp:1  | Killed from afar by an eleionoma

Illustrated notes

Levels and vault maps discovered:
D:1:      hellmonk_arrival_library, layout_loops_ring
D:2:      layout_rooms, basic_altar, hellmonk_ecumenical_altar_run_dry
D:3:      layout_basic, nrook_uturn, uniq_terence
D:4:      layout_layer_cave, gammafunk_ghost_abyssal_escape
D:5:      layout_basic, uniq_menkaure, uniq_sigmund
D:6:      layout_loops_corners, grunt_temple_overflow_gold_and_silver,
          mainiacjoe_overflow_tiny_flanked
D:7:      layout_basic, mainiacjoe_overflow_paths,
          lemuel_zombie_altar_yredelemnul, minmay_temple_entry_sparse_star,
          nrook_mini_vaults
D:8:      layout_basic
D:9:      layout_long_grid, cheibrodos_ashenzari_chains, fedhas_altar_1
D:10:     cheibrodos_orc_bank, layout_rooms, eino_small_chamber_without_monster,
          uniq_urug
D:11:     layout_loops_corners, lair_entry_dummy
D:12:     layout_grid_maze, minmay_orc_entry_temple_small, bh_walls_and_bars,
          uniq_nergalle, uniq_erolcha
D:13:     layout_rooms
D:14:     layout_big_octagon, hellmonk_vaults_keyhole
D:15:     gammafunk_depths_entry_grave, layout_basic, serial_shops,
          nicolae_shop_back_alley_shop, roderic_serpentine_path, uniq_jorgrun,
          uniq_kirke, uniq_josephine
Lair:1:   layout_roguey, serial_bayou, serial_bayou_shore_a,
          serial_bayou_shore_b, serial_bayou_pond_a, serial_bayou_pond_b
Lair:2:   layout_chaotic_city, ebering_ghost_reflecting_pool,
          pdpol_lair_cavern_descent
Lair:3:   layout_misc_corridors, minmay_swamp_entry_worms,
          minmay_snake_entry_six_corridors
Lair:4:   layout_small_grid, minmay_slime_entry_pillars, uniq_sonja
Lair:5:   wormcave, layout_layer_cave, hangedman_lair_caniforms_friends,
          basic_altar, infiniplex_staircase_pool_2
Swamp:1:  layout_basic_swamp, basic_altar
Orc:1:    layout_diamond_mine, serial_shops, nicolae_shop_bloodbath_and_beyond,
          okawaru_metal_pillars_3, uniq_gastronok
Orc:2:    pubby_orc_utopia

Skill      XL: |  1  2  3  4  5  6  7  8  9 10 11 12 13 14 15 16 |
---------------+-------------------------------------------------+-----
Stealth        | 5 6 7 8 12 15 17 20 | 20.0
Short Blades   | 2 3 5 8 9 10 | 10.0
Spellcasting   | 4 5 6 |  6.0
Hexes          | 5 8 9 10 | 10.0
Dodging        | 3 8 12 15 | 15.0
Fighting       | 1 3 6 7 10 12 13 | 13.6
Shapeshifting  | 4 14 16 | 16.0

Action                     |  1- 3 |  4- 6 |  7- 9 | 10-12 | 13-15 | 16-18 || total
---------------------------+-------+-------+-------+-------+-------+-------++-------
  Melee: Dagger            |    87 |     8 |       |    82 |  1257 |    91 ||  1525
         Short sword       |       |    45 |   153 |   361 |       |       ||   559
   Cast: Ensorcelled Hiber |    30 |    26 |    50 |   168 |   496 |    38 ||   808
         Confusing Touch   |       |     1 |    13 |    11 |    78 |     7 ||   110
 Invoke: Call Merchant     |       |       |       |       |     6 |     1 ||     7
  Evoke: Wand              |       |       |       |     4 |    12 |       ||    16
         Lightning rod     |       |       |       |       |     2 |       ||     2
    Use: Scroll            |       |       |       |    16 |    16 |     4 ||    36
         Potion            |       |       |       |       |     4 |       ||     4
   Stab: Sleeping          |    16 |    27 |    46 |   113 |   294 |    11 ||   507
         Confused          |       |       |     9 |    11 |    72 |     6 ||    98
         Distracted        |       |       |     3 |     5 |    14 |     1 ||    23
         Invisible         |       |       |       |       |     7 |       ||     7
 Armour: Robe              |    33 |    11 |    57 |   115 |   319 |    30 ||   565
  Dodge: Dodged            |    80 |    35 |   154 |   395 |  1454 |    69 ||  2187
  Block: Buckler           |       |       |       |       |    21 |    28 ||    49
         Reflection        |       |       |       |       |     2 |     3 ||     5

Table legend: (Time is in decaauts)
 A = Elapsed time spent in this place.
 B = Non-inter-level travel time spent in this place.
 C = Inter-level travel time spent in this place.
 D = Time resting spent in this place.
 E = Time spent auto-exploring this place.
 F = Levels seen in this place.
 G = Mean time per level.
                   A        B        C        D        E       F      G
               +--------+--------+--------+--------+--------+-----+--------+
         Total |  25460 |  23632 |   1828 |   4502 |  14556 |  23 | 1107.0 |
       Dungeon |  13855 |  12608 |   1247 |   2475 |   7932 |  15 |  923.7 |
          Lair |   7358 |   6953 |    405 |   1186 |   4349 |   5 | 1471.6 |
         Swamp |    492 |    481 |     11 |     53 |    286 |   1 |  492.0 |
  Orcish Mines |   3755 |   3592 |    163 |    787 |   1988 |   2 | 1877.5 |
               +--------+--------+--------+--------+--------+-----+--------+

Top non-repeatable levels by time:
   Orc:2: 3185 daAuts
  Lair:5: 2675 daAuts
  Lair:2: 1904 daAuts
    D:15: 1611 daAuts
    D:12: 1538 daAuts
    D:11: 1248 daAuts
    D:14: 1157 daAuts
  Lair:3: 1097 daAuts
     D:1: 1063 daAuts
     D:7: 1038 daAuts
     D:9: 1025 daAuts
  Lair:1: 850 daAuts
  Lair:4: 829 daAuts
     D:3: 788 daAuts
     D:4: 767 daAuts
